 Dungeon Crawl Stone Soup version 0.17.0-25-gefc9c12 (webtiles) character file.

86 4thArraOfDagon the Magician (level 4, -6/24 HPs)
             Began as a Gargoyle Wizard on Nov 18, 2015.
             Mangled by an ogre
             ... wielding a +0 giant spiked club
              (27 damage)
             ... on level 4 of the Dungeon.
             The game lasted 00:04:46 (1070 turns).

4thArraOfDagon the Magician (Gargoyle Wizard)       Turns: 1070, Time: 00:04:46

Health: -6/24      AC: 13    Str: 10    XL:     4   Next: 50%
Magic:  8/8        EV:  4    Int: 23    God:
Gold:   93         SH:  0    Dex:  8    Spells: 1 memorised, 8 levels left

rFire  . . .     SeeInvis .     m - +2 whip (venom)
rCold  . . .     Clarity  .     g - +0 chain mail
rNeg   + . .     SustAt   .     (no shield)
rPois  ∞         Gourm    .     a - +0 helmet {Int+3}
rElec  +         Spirit   .     (no cloak)
rCorr  .         Warding  .     (no gloves)
rMut   .         Stasis   .     (no boots)
MR     .....                    (no amulet)
Stlth  ..........               r - ring of invisibility
                                i - ring of loudness (curse)

@: very slightly contaminated, invisible, not resistant to hostile enchantments,
extremely unstealthy
A: negative energy resistance 1, electricity resistance, unbreathing,
petrification resistance, rot immunity, AC +3
a: no special abilities


You were on level 4 of the Dungeon.
You were not hungry.

You visited 1 branch of the dungeon, and saw 4 of its levels.

You collected 93 gold pieces.

Inventory:

Hand Weapons
 f - a +0 hand axe
 m - a +2 whip of venom (weapon)
Missiles
 t - 17 poisoned needles
Armour
 a - a +0 helmet of intelligence (worn)
 b - a +0 hat
 g - a +0 chain mail (worn)
 h - a +0 plate armour
Jewellery
 i - a cursed ring of loudness (left hand)
 r - a ring of invisibility (right hand)
Scrolls
 e - a scroll of amnesia {unknown}
 l - a scroll of recharging {unknown}
 o - a scroll of noise {unknown}
 p - a scroll of fog {unknown}
 s - a scroll of identify
Potions
 j - a potion of curing
Books
 c - a book of Minor Magic

   Spells                             Type                      Level
   a - Magic Dart                     Conjuration                  1
   b - Blink                          Translocation                2
   c - Call Imp                       Summoning                    2
   d - Repel Missiles                 Charms/Air                   2
   e - Slow                           Hexes                        2
   f - Conjure Flame                  Conjuration/Fire             3
   g - Mephitic Cloud                 Conjuration/Poison/Air       3
Comestibles
 d - 2 bread rations
 k - 5 fruits
 q - a meat ration


   Skills:
 * Level 2.8 Axes
 + Level 2.3 Armour
 - Level 1.5 Dodging
 - Level 2.1 Stealth
 - Level 3.0 Spellcasting
 - Level 1.1 Conjurations
   Level 0.8 Summonings
   Level 0.8 Translocations


You had 8 spell levels left.
You knew the following spells:

 Your Spells              Type           Power        Failure   Level  Hunger
a - Magic Dart            Conj           #...         100%        1    None


Dungeon Overview and Level Annotations

Branches:
Dungeon (4/15)
 Temple: D:4-7

Altars:
Gozag
Xom


Innate Abilities, Weirdness & Mutations

You are resistant to torment.
Your stone body is resilient (AC +3).
You are immune to poison.
You resist negative energy.
You are resistant to electric shocks.
You can survive without breathing.
You are immune to petrification.
You are immune to rotting.


Message History

Unknown command.
An ogre comes into view. It is wielding a giant spiked club.
The ogre shouts!
You fail to use your ability.
You fail to use your ability.
Drink which item? (? for menu, Esc to quit)
You fade into invisibility!
You are very lightly contaminated with residual magic.
Drink which item? (? for menu, Esc to quit)
You feel better.
You hit the ogre.
The ogre is poisoned.
The ogre is lightly wounded.
The ogre hits you with a giant spiked club.
Your chain mail prevents you from hitting the ogre.
The ogre is lightly wounded.
You barely miss the ogre.
The ogre is moderately wounded.
The ogre hits you with a giant spiked club!!
Ouch! That really hurt!
You die...

...#.# #.. ...#.#
#.# .. ...#.# #.#
.. ...#.# #.# .#
...#.# #.# .#
<..#.# #.# .#
####.####.# .#
..........#######O#
####............@.#
################


You could see an ogre.

Vanquished Creatures
  A worker ant (D:4)
  3 adders
  2 ball pythons
  6 hobgoblins
  3 jackals (D:1)
  4 bats
  A giant gecko (D:1)
  2 giant newts
  4 goblins
  5 kobolds
  A quokka skeleton (D:4)
  3 rats
35 creatures vanquished.

Notes
Turn   | Place    | Note
--------------------------------------------------------------
     0 | D:1      | 4thArraOfDagon the Gargoyle Wizard began the quest for the Orb.
     0 | D:1      | Reached XP level 1. HP: 10/10 MP: 4/4
   212 | D:1      | Reached skill level 1 in Axes
   376 | D:2      | Reached XP level 2. HP: 12/15 MP: 6/6
   426 | D:3      | Reached skill level 1 in Armour
   499 | D:3      | Found a shimmering altar of Xom.
   507 | D:3      | Found an opulent altar of Gozag.
   609 | D:2      | Reached XP level 3. HP: 16/19 MP: 7/7
   853 | D:1      | Reached XP level 4. HP: 7/24 MP: 8/8
  1063 | D:4      | Noticed an ogre
  1070 | D:4      | Mangled by an ogre

Action                   |  1- 3 |  4- 6 || total
-------------------------+-------+-------++-------
Melee: Hand axe          |   117 |       ||   117
       Whip              |    57 |    19 ||    76
  Use: Potion            |     1 |     2 ||     3
       Scroll            |       |     1 ||     1
  Eat: Chunk             |       |     1 ||     1
